 Dungeon Crawl Stone Soup version bcrawl-1.34.4 (webtiles) character file.

Game seed: 16456520806920211037

178165 KristoblXynda the Nimble (level 10, -3/59 HPs)
             Began as a Felid Monk on Nov 1, 2021.
             Was an Elder of Ashenzari.
             Shot with an arrow by a centaur warrior (16 damage)
             ... on level 11 of the Dungeon on Nov 2, 2021.
             The game lasted 00:31:39 (14999 turns).

KristoblXynda the Nimble (Felid Monk)              Turns: 14999, Time: 00:31:39

Health: -3/59      AC:  2    Str: 10 (12) XL:     10   Next: 76%
Magic:  0/18       EV: 30    Int: 12      God:    Ashenzari [****..]
Gold:   460        SH:  0    Dex: 19 (21) Spells: 14/18 levels left
                                        Lives:  0   Deaths: 3

rFire    + + .     SeeInvis +     - Teeth and claws (19.5)
rCold    + + .     Gourm    .   (shield unavailable)
rNeg     + + +     Faith    .   (armour unavailable)
rPois    .         Spirit   +   (helmet unavailable)
rElec    .         Reflect  .   (cloak restricted)
rCorr    .         Harm     .   (gloves unavailable)
MR       +....     Clarity  +   (boots unavailable)
Stlth    +++++.....             a - amulet of guardian spirit (curse)
HPRegen  0.19/turn              d - ring of positive energy (curse)
MPRegen  0.16/turn              o - ring "Hukecrut" {rF+ rC+ rN++ MR- Dex+2} (curse)

@: quick
A: very small, no armour, no weapons or thrown items, stealth, claws 1, fangs 3,
see invisible, carnivore, cold resistance 1, deterioration 1, fire resistance 1,
speed 1, magic resistance 1, shaggy fur 2, slow metabolism 1, strong 1, sharp
paws
a: Curse Item, Scrying, Renounce Religion


You were on level 11 of the Dungeon.
You worshipped Ashenzari.
Ashenzari was greatly pleased with you.
You were full.

You visited 2 branches of the dungeon, and saw 12 of its levels.
You also visited: Sewer.

You collected 902 gold pieces.
You spent 442 gold pieces at shops.

Inventory:

Jewellery
 a - a cursed amulet of guardian spirit (around neck)
 d - a cursed ring of positive energy (left paw)
 o - the cursed ring "Hukecrut" (right paw) {rF+ rC+ rN++ MR- Dex+2}
   (You found it on level 8 of the Dungeon)

   [ring of protection from cold]

   It affects your dexterity (+2).
   It protects you from fire.
   It protects you from cold.
   It greatly protects you from negative energy.
   It affects your resistance to hostile enchantments.
   It has a curse placed upon it.
 v - an uncursed ring of flight
Scrolls
 b - 6 scrolls of remove curse
 g - 4 scrolls of fear
 i - 2 scrolls of identify
 m - 2 scrolls of fog
 p - 2 scrolls of magic mapping
 q - a scroll of immolation
 t - 2 scrolls of enchant armour
 u - a scroll of teleportation
 x - a scroll of vulnerability
 y - a scroll of amnesia
Potions
 h - a potion of brilliance
 j - a potion of cancellation
 k - 3 potions of might
 l - 6 potions of flight
 n - a potion of mutation
 r - a potion of heal wounds
 s - a potion of agility
 w - a potion of invisibility
 A - a potion of magic
Comestibles
 e - 25 rations {!d}


   Skills:
 + Level 10.0 Fighting
 + Level 12.7 Dodging
 - Level 10.2 Stealth
 + Level 11.7 Unarmed Combat
 + Level 4.7 Spellcasting
 + Level 6.4(11.1) Transmutations
   Level 2.1 Invocations


You had 14 spell levels left.
You knew the following spells:

 Your Spells              Type           Power        Failure   Level  Hunger
a - Petrify               Tmut/Erth      ###.......   19%         4    #####..

Your spell library contained the following spells:

 Spells                   Type           Power        Failure   Level  Hunger
 Passwall                 Tmut/Erth      ###.....     2%          2    None
 Sandblast                Erth           #.....       16%         1    None
 Stone Arrow              Conj/Erth      #.....       41%         3    ###....
 Lee's Rapid Deconstruct  Erth           #.........   99%         5    ######.


Dungeon Overview and Level Annotations

Branches:
Dungeon (11/12)            Temple (1/1) D:4            Lair (0/6) D:7
    Orc (0/1) D:11         Vaults (0/3) D:11

Altars:
Ashenzari
Cheibriados
Dithmenos
Elyvilon
Fedhas
Gozag
Hepliaklqana
Kikubaaqudgha
Lugonu
Makhleb
Nemelex Xobeh
Okawaru
Qazlal
Ru
Sif Muna
Trog
Uskayaw
Vehumet
Wu Jian
Xom
Yredelemnul
Zin
The Shining One

Shops:
D:4 [   D:8 !   D:9 (


Innate Abilities, Weirdness & Mutations

You cannot wear almost all types of armour.
You are incapable of wielding weapons or throwing items.
Your paws allow you to move quietly. (Stealth)
You have sharp claws.
You have razor-sharp teeth.
You have supernaturally acute eyesight. (SInv)
You are carnivorous and can eat meat at any time.
You cover ground quickly.
You are covered in thick fur. (AC +2)
You have a slow metabolism.
Your sharp claws are effective at attacking unaware monsters.
Your flesh is cold resistant. (rC+)
Your body sometimes deteriorates upon taking damage.
Your flesh is heat resistant. (rF+)
You are resistant to hostile enchantments. (MR+)
Your muscles are strong. (Str +2)


Message History

You eviscerate the quasit!!!!
You kill the quasit!
You start resting.
Magic restored.
The centaur warrior is too close now for your liking.
Casting: Petrify (slightly dangerous; 19% risk of failure)
Confirm with . or Enter, or press ? or * to list all spells.
Aiming: Petrify (slightly dangerous; 19% risk of failure)
Press: ? - help, Shift-Dir - straight line, f - centaur warrior
Aim: a centaur warrior, wielding a +0 shortbow and quivering 116 arrows (hasn't noticed you, chance to defeat MR: 38%)
The centaur warrior shouts!
The centaur warrior is moving more slowly.
The centaur warrior shoots an arrow.
The arrow hits you!!
The centaur warrior shoots an arrow.
The arrow hits you!
Your body deteriorates!
You feel weakened.
The centaur warrior shoots an arrow.
The arrow hits you!
* * * LOW HITPOINT WARNING * * *
Your body deteriorates!
You feel weakened.
The centaur warrior shoots an arrow.
The arrow hits you!!
You die...

#..#######........# #
#.................# #
#............>....# #
#.................# #
#.................# #
#.................# #
#....c............# #
#......>..........# #
#....@............# #
#.................# #
#.).>.............####
#.....................
######################


You could see a centaur warrior (petrifying).

Vanquished Creatures
  A frost giant (D:11)
  A fire giant (D:11)
  A hydra (D:10)
  3 vault guards (D:11)
  Harold (D:8)
  Erica (D:10)
  2 two-headed ogres
  6 ugly things
  2 centaur zombies
  A gargoyle (D:11)
  A centaur skeleton (D:11)
  A kobold demonologist (D:9)
  A komodo dragon (D:11)
  A troll (D:11)
  3 hippogriffs
  A meliai zombie (D:11)
  A slime creature (D:11)
  Sigmund (D:3)
  2 wyverns
  A shadow (D:8)
  5 yaks (D:8)
  A basilisk (D:9)
  A vampire (D:7)
  2 steam dragons
  8 vampire mosquitoes
  Edmund (D:4)
  Menkaure (D:7)
  2 wargs (D:7)
  An acid dragon (D:9)
  2 water moccasins (D:5)
  8 orc warriors
  3 ice beasts
  2 sky beasts
  A phantom (D:8)
  A black bear (D:9)
  7 ogres
  5 centaurs
  8 bullfrogs
  Blork the orc (D:4)
  20 big kobolds
  A gnoll sergeant (D:11)
  A wyvern zombie (D:9)
  A scorpion (D:5)
  9 wights
  7 killer bees
  2 howler monkeys
  10 orc priests
  7 jellies
  A crimson imp (D:5)
  3 bullfrog zombies
  A quasit (D:11)
  4 hounds
  Crazy Yiuf (D:2)
  19 orc wizards
  Jessica (D:2)
  5 iguanas
  6 worker ants
  A hound skeleton (D:6)
  8 gnolls
  A river rat (D:4)
  13 adders
  14 oozes
  3 adder skeletons
  6 worms
  4 leopard geckos
  60 orcs
  8 bats
  3 giant cockroaches
  A goblin (D:1)
  5 hobgoblins
  11 jackals
  17 kobolds
  4 quokkas
  4 ball pythons
  3 frilled lizards
  A rat (D:4)
358 creatures vanquished.

Vanquished Creatures (others)
  A swamp drake (shapeshifter) (D:11)
  A human (D:7)
  17 fungi
  A plant (D:7)
  8 toadstools (D:2)
28 creatures vanquished.

Grand Total: 386 creatures vanquished

Notes
Turn   | Place    | Note
-------+----------+-------------------------------------------
     0 | D:1      | KristoblXynda the Felid Monk began the quest for the Orb.
     0 | D:1      | Reached XP level 1. HP: 12/12 MP: 3/3
   311 | D:1      | Reached XP level 2. HP: 16/16 MP: 4/4
  1007 | D:2      | Noticed Jessica
  1008 | D:2      | Reached XP level 3. HP: 20/20 MP: 5/5
  1160 | D:2      | Killed Jessica
  1555 | D:2      | Found a snail-covered altar of Cheibriados.
  1606 | D:2      | Found a runed door.
  1703 | D:2      | Noticed Crazy Yiuf
  1707 | D:2      | Killed Crazy Yiuf
  1748 | D:3      | Noticed Sigmund
  1749 | D:3      | Reached skill level 5 in Dodging
  1749 | D:3      | Reached XP level 4. HP: 25/25 MP: 6/6
  1749 | D:3      | Reached XP level 5. HP: 29/29 MP: 7/7
  2056 | D:3      | Killed Sigmund
  2098 | D:3      | Reached skill level 5 in Stealth
  2141 | D:3      | Gained mutation: You are covered in thick fur. (AC +2)
                  | [Felid growth]
  2141 | D:3      | Reached XP level 6. HP: 18/33 MP: 8/8
  2240 | D:3      | Reached skill level 5 in Unarmed Combat
  2770 | D:4      | Noticed Blork the orc
  2789 | D:4      | Killed Blork the orc
  2795 | D:4      | Noticed Edmund
  2796 | D:4      | Reached skill level 6 in Dodging
  2804 | D:4      | Killed Edmund
  3137 | D:4      | Reached XP level 7. HP: 38/38 MP: 9/9
  3152 | D:4      | Found a glowing drain.
  3180 | Sewer    | Entered a sewer
  4337 | D:4      | Found a staircase to the Ecumenical Temple.
  4907 | D:4      | Found Ogixuh's Armour Boutique.
  5196 | D:4      | Found a burning altar of Makhleb.
  5198 | D:4      | Noticed a balrug
  5199 | D:4      | Reached skill level 5 in Fighting
  5199 | D:4      | Reached skill level 7 in Dodging
  5199 | D:4      | Reached XP level 8. HP: 44/44 MP: 10/10
  5202 | D:4      | Noticed a hellwing
  5305 | Temple   | Entered the Ecumenical Temple
  5513 | Temple   | Became a worshipper of Ashenzari the Shackled
  5513 | Temple   | Reached * piety under Ashenzari
  5513 | Temple   | Reached ** piety under Ashenzari
  5514 | Temple   | Found the cursed amulet of Vision {SInv *Curse}
  6097 | D:5      | Entered Level 5 of the Dungeon
  6108 | D:5      | Reached skill level 8 in Dodging
  6609 | D:5      | Reached XP level 9. HP: 48/48 MP: 11/11
  6920 | D:5      | Found an iron altar of Okawaru.
  7518 | D:6      | Found a stormy altar of Qazlal.
  7574 | D:6      | Found a blossoming altar of Fedhas.
  7980 | D:6      | Learned a level 4 spell: Petrify
  8086 | D:7      | Noticed Menkaure
  8098 | D:7      | Killed Menkaure
  8232 | D:7      | Found an ancient bone altar of Kikubaaqudgha.
  8280 | D:7      | Reached skill level 9 in Dodging
  8392 | D:7      | Found a staircase to the Lair.
  8820 | D:7      | Found an ancient bone altar of Kikubaaqudgha.
  8823 | D:7      | Found a shadowy altar of Dithmenos.
  8952 | D:8      | Noticed Harold
  8952 | D:8      | Reached skill level 10 in Stealth
  8952 | D:8      | Reached XP level 10. HP: 55/55 MP: 12/12
  9017 | D:8      | Reached skill level 10 in Dodging
  9034 | D:8      | HP: 2/82 [bullfrog (3)]
  9034 | D:8      | Killed from afar by Harold
  9035 | D:8      | Reached XP level 9. HP: -19/75 MP: 11/11
  9101 | D:8      | Identified the cursed ring "Hukecrut" {rF+ rC+ rN++ MR-
                  | Dex+2}
  9231 | D:8      | Found Jodghiod's Distillery.
  9235 | D:8      | Bought a potion of mutation for 120 gold pieces
  9235 | D:8      | Bought a potion of mutation for 120 gold pieces
  9235 | D:8      | Bought a potion of heal wounds for 75 gold pieces
  9235 | D:8      | Bought a potion of curing for 37 gold pieces
  9235 | D:8      | Bought a potion of berserk rage for 45 gold pieces
  9235 | D:8      | Bought a potion of lignification for 45 gold pieces
  9237 | D:8      | Gained mutation: You are partially covered in icy blue
                  | scales. (AC +2) [potion of mutation]
  9237 | D:8      | Gained mutation: You are frail. (-10% HP) [potion of
                  | mutation]
  9237 | D:8      | Gained mutation: You are resistant to hostile enchantments.
                  | (MR+) [potion of mutation]
  9237 | D:8      | Gained mutation: Your flesh is cold resistant. (rC+)
                  | [potion of mutation]
  9239 | D:8      | Lost mutation: You are frail. (-10% HP) [potion of
                  | mutation]
  9239 | D:8      | Lost mutation: You are partially covered in icy blue
                  | scales. (AC +2) [potion of mutation]
  9239 | D:8      | Gained mutation: Your body sometimes deteriorates upon
                  | taking damage. [potion of mutation]
  9239 | D:8      | Gained mutation: Your flesh is heat resistant. (rF+)
                  | [potion of mutation]
  9239 | D:8      | Gained mutation: Your muscles are strong. (Str +2) [potion
                  | of mutation]
  9311 | D:8      | Reached *** piety under Ashenzari
  9312 | D:8      | Reached skill level 1 in Transmutations
  9712 | D:8      | Killed Harold
 10273 | D:9      | Noticed a two-headed ogre
 10334 | D:9      | Killed a two-headed ogre
 11035 | D:9      | Found Yrody's Weapon Boutique.
 11271 | D:9      | Found a glowing golden altar of the Shining One.
 11331 | D:10     | Entered Level 10 of the Dungeon
 11334 | D:10     | Reached XP level 10. HP: 56/56 MP: 12/12
 11338 | D:10     | Noticed a green ugly thing
 11339 | D:10     | Reached skill level 10 in Unarmed Combat
 11584 | D:10     | Noticed a red ugly thing
 11609 | D:10     | Killed a red ugly thing
 11625 | D:10     | Noticed Erica
 11626 | D:10     | Reached skill level 11 in Dodging
 11647 | D:10     | Killed Erica
 11766 | D:10     | Noticed a six-headed hydra
 11798 | D:10     | Noticed a kobold demonologist
 11854 | D:9      | Noticed an orange demon
 11857 | D:9      | Killed a kobold demonologist
 12334 | D:10     | Killed a green ugly thing
 12367 | D:10     | Reached **** piety under Ashenzari
 12454 | D:10     | Killed a six-headed hydra
 12863 | D:11     | Noticed a cyan ugly thing
 12931 | D:11     | Reached skill level 1 in Spellcasting
 12964 | D:11     | Mangled by a cyan ugly thing
 12965 | D:11     | Reached XP level 9. HP: -8/53 MP: 11/11
 12966 | D:11     | Noticed a green ugly thing
 12966 | D:11     | Noticed a komodo dragon
 12967 | D:11     | Reached XP level 10. HP: 58/58 MP: 11/13
 13025 | D:11     | Found a staircase to the Orcish Mines.
 13026 | D:11     | Reached skill level 5 in Transmutations
 13119 | D:11     | Killed a cyan ugly thing
 13430 | D:11     | Noticed a cyan ugly thing
 13445 | D:11     | Noticed a two-headed ogre
 13465 | D:11     | Killed a green ugly thing
 13484 | D:11     | Killed a green ugly thing
 13532 | D:11     | Killed a two-headed ogre
 13691 | D:11     | Reached skill level 12 in Dodging
 13753 | D:11     | Found a gate to the Vaults.
 13753 | D:11     | Noticed a vault guard
 13753 | D:11     | Noticed a vault guard
 13753 | D:11     | Noticed a vault guard
 13753 | D:11     | Noticed a vault guard
 13753 | D:11     | Noticed an unseen horror
 13754 | D:11     | Reached XP level 11. HP: 63/63 MP: 15/17
 13760 | D:11     | Noticed a frost giant
 13760 | D:11     | Noticed a fire giant
 13888 | D:11     | Killed a fire giant
 14056 | D:11     | Mangled by a frost giant
 14057 | D:11     | Reached XP level 10. HP: -6/59 MP: 11/17
 14063 | D:11     | Noticed a centaur warrior
 14189 | D:11     | Found a basalt altar of Yredelemnul.
 14189 | D:11     | Found a shattered altar of Ashenzari.
 14189 | D:11     | Noticed a brown ugly thing
 14190 | D:11     | Reached skill level 10 in Fighting
 14224 | D:11     | Killed a brown ugly thing
 14243 | D:11     | Killed a vault guard
 14312 | D:11     | Noticed a centaur warrior
 14357 | D:11     | Killed a vault guard
 14532 | D:11     | Noticed a gargoyle
 14676 | D:11     | Killed a gargoyle
 14704 | D:11     | Killed a frost giant
 14731 | D:11     | Noticed a manticore
 14734 | D:11     | Killed a vault guard
 14999 | D:11     | Shot with an arrow by a centaur warrior

Skill      XL: |  1  2  3  4  5  6  7  8  9 10 11 |
---------------+----------------------------------+-----
Unarmed Combat | 4 5 6 7 9 11 | 11.7
Stealth        | 4 5 7 8 10 | 10.2
Dodging        | 5 6 7 8 9 12 | 12.7
Fighting       | 4 5 6 8 10 | 10.0
Transmutations | 2 5 6 |  6.4
Spellcasting   | 3 4 |  4.7
Invocations    | |  2.1

Action                   |  1- 3 |  4- 6 |  7- 9 | 10-12 || total
-------------------------+-------+-------+-------+-------++-------
Melee: Unarmed           |    64 |   117 |   535 |   583 ||  1299
       Bite              |     6 |     8 |    52 |    78 ||   144
       Punch             |       |     2 |    14 |    56 ||    72
 Cast: Petrify           |       |       |     1 |    25 ||    26
Invok: Curse Item        |       |       |     2 |       ||     2
 Abil: Evoke Flight      |       |       |     1 |       ||     1
Evoke: Wand              |     1 |     8 |       |       ||     9
  Use: Scroll            |     2 |     8 |    11 |     3 ||    24
       Potion            |       |     4 |     7 |    11 ||    22
 Stab: Sleeping          |     9 |     4 |    35 |     6 ||    54
       Paralysed         |     1 |     4 |       |       ||     5
       Distracted        |       |       |     4 |     5 ||     9
       Petrified         |       |       |       |    12 ||    12
  Eat: Chunk             |     9 |     6 |    33 |    18 ||    66
Armor: Skin              |     1 |    11 |    25 |    90 ||   127
Dodge: Dodged            |    57 |    90 |   404 |   612 ||  1163
